 Dungeon Crawl Stone Soup version 0.26.1-11-gd32895ea62 (webtiles) character file.

Game seed: 4945660499205014179

122 Felido the Slasher (level 5, 0/50 HPs)
             Began as a Naga Monk on June 27, 2021.
             Slain by an orc
             ... wielding a +0 trident
              (5 damage)
             ... on level 4 of the Dungeon.
             The game lasted 00:07:07 (4367 turns).

Felido the Slasher (Naga Monk)                      Turns: 4367, Time: 00:07:08

Health: 0/50       AC:  9    Str: 14    XL:     5   Next: 6%
Magic:  5/5        EV:  5    Int: 11    God:
Gold:   92         SH:  0    Dex: 13    Spells: 4/4 levels left

rFire    . . .     SeeInvis +   u - +4 dagger
rCold    . . .     Faith    .   (no shield)
rNeg     . . .     Spirit   .   z - +0 chain mail
rPois    +         Reflect  .   b - +2 hat {SInv}
rElec    .         Harm     .   (no cloak)
rCorr    .         Rampage  .   n - +0 pair of gloves
Will     +....                  (no barding)
Stlth    ..........             (no amulet)
HPRegen  0.16/turn              h - ring of willpower
MPRegen  0.09/turn              (no ring)

@: very slow
A: large, see invisible, deformed body, poison resistance, slowness 2, spit
poison 1, AC +1
a: Spit Poison


You were on level 4 of the Dungeon.
You visited 1 branch of the dungeon, and saw 4 of its levels.

You collected 92 gold pieces.

Inventory:

Hand Weapons
 a - a +0 falchion
 u - a +4 dagger (weapon)
 w - a +2 short sword of venom
Missiles
 k - 47 bolts
 l - 14 arrows
Armour
 b - a +2 hat of see invisible (worn)
 e - a +0 leather armour
 n - a +0 pair of gloves (worn)
 v - a +0 ring mail
 z - a +0 chain mail (worn)
Jewellery
 d - an uncursed ring of wizardry {unknown}
 h - a ring of willpower (left hand)
Wands
 p - a wand of iceblast (10)
Scrolls
 m - a scroll of enchant armour
 x - a scroll of identify
Potions
 c - a potion of attraction
 f - a potion of magic
 g - a potion of lignification {unknown}
 i - a potion of heal wounds {unknown}
 j - a potion of haste {unknown}
 o - a potion of berserk rage {unknown}
 r - a potion of flight {unknown}
 s - a potion of ambrosia {unknown}


   Skills:
 + Level 3.7 Fighting
 + Level 0.1(2.4) Short Blades
 + Level 4.0 Long Blades
 + Level 1.7 Armour
 + Level 2.7 Dodging
 + Level 3.2 Stealth


You had 4 spell levels left.
You didn't know any spells.
Your spell library was empty.

Dungeon Overview and Level Annotations

Branches:
Dungeon (4/15)
 Temple: D:4-7

Altars:
Ashenzari
Elyvilon


Innate Abilities, Weirdness & Mutations

You cannot wear boots.
Your serpentine skin is tough. (AC +1)
You have supernaturally acute eyesight. (SInv)
Armour fits poorly on your strangely shaped body.
Your system is resistant to poisons. (rPois)
You cover ground very slowly.
You can spit poison.


Message History

The ogre is lightly wounded.
The orc hits you but does no damage.
The orc hits you with a +1 vorpal hand axe.
You hit the ogre.
The ogre is moderately wounded.
The ogre hits you with a +0 giant club!!
The orc hits you but does no damage. x2
A jackal comes into view.
The jackal barks!
You hear a bark!
A jackal comes into view.
The jackal barks!
The orc priest looks satisfied for a moment.
The orc hits you but does no damage. The ogre hits you with a +0 giant club!
* * * LOW HITPOINT WARNING * * *
The jackal moves out of view.
You open the door.
A frilled lizard comes into view.
The frilled lizard hisses angrily.
The orc hits you from afar with a +0 trident.
You die...

#.........#
+.....l...+
.........
....... .....
... #'#
########@#
#....h.Oo####
#.#....ho...#
#.#.###.o.#.#
......h<....#
#h#.#)#...#.#
#..#.>....
#.###.#.###
O# #..#


You could see an ogre, an orc priest, 2 orcs, 3 jackals and a frilled lizard.

Vanquished Creatures
  An orc wizard (D:3)
  3 adders
  An ooze (D:2)
  2 worms
  A dart slug (D:2)
  2 leopard geckos
  5 orcs
  9 bats
  5 goblins
  5 hobgoblins
  5 kobolds
  A quokka (D:3)
  3 frilled lizards
  11 rats
54 creatures vanquished.

Notes
Turn   | Place    | Note
-------+----------+-------------------------------------------
     0 | D:1      | Felido the Naga Monk began the quest for the Orb.
     0 | D:1      | Reached XP level 1. HP: 21/21 MP: 1/1
   250 | D:1      | HP: 1/21 [goblin/+0 club (2)]
   678 | D:1      | Reached XP level 2. HP: 22/28 MP: 2/2
  2034 | D:2      | Reached XP level 3. HP: 14/34 MP: 3/3
  2635 | D:2      | Reached skill level 1 in Armour
  2980 | D:2      | Found a broken altar of Ashenzari.
  3447 | D:3      | Reached XP level 4. HP: 42/42 MP: 4/4
  3995 | D:3      | Reached skill level 4 in Long Blades
  4206 | D:3      | Found a white marble altar of Elyvilon.
  4305 | D:3      | Reached XP level 5. HP: 50/50 MP: 5/5
  4356 | D:4      | Noticed an ogre
  4367 | D:4      | Slain by an orc

Illustrated notes

Levels and vault maps discovered:
D:1:      roderic_chinese_lattice_arrival, layout_basic, minmay_misc_feat_chi
D:2:      layout_basic, ashenzari_altar_1
D:3:      layout_loops_ring, lemuel_doored_altar
D:4:      layout_loops_corners, fiery_altar_vehumet, serial_shops,
          nicolae_shop_crystal, tso_metal_star

Skill      XL: |  1  2  3  4 |
---------------+-------------+-----
Armour         | 1 |  1.7
Long Blades    | 4 |  4.0
Fighting       | |  3.7
Short Blades   | |  0.1
Dodging        | |  2.7
Stealth        | |  3.2

Action                   |  1- 3 |  4- 6 || total
-------------------------+-------+-------++-------
Melee: Falchion          |   119 |    30 ||   149
       Dagger            |       |    49 ||    49
 Abil: Spit Poison       |     6 |     4 ||    10
  Use: Scroll            |     5 |     3 ||     8
 Stab: Sleeping          |     3 |     1 ||     4
Armor: Robe              |     3 |       ||     3
       Plate armour      |    39 |       ||    39
       Leather armour    |    15 |    11 ||    26
       Ring mail         |       |    14 ||    14
       Chain mail        |       |    15 ||    15
Dodge: Dodged            |    37 |    39 ||    76
       Rpst.: Falchion   |    10 |     5 ||    15
